 Dungeon Crawl Stone Soup version 0.28.0 (webtiles) character file.

Game seed: 3216975320300269087

13 Ajdolov the Digger (level 2, -5/17 HPs)
             Began as an Octopode Earth Elementalist on Feb 9, 2022.
             Slain by a kobold (13 damage)
             ... on level 1 of the Dungeon.
             The game lasted 00:00:31 (625 turns).

Ajdolov the Digger (Octopode Earth Elementalist)     Turns: 625, Time: 00:00:32

Health: -5/17      AC:  1    Str:  7    XL:     2   Next: 37%
Magic:  5/5        EV: 13    Int: 17    God:
Gold:   12         SH:  0    Dex: 12    Spells: 4/5 levels left

rFire   . . .      SeeInvis .   a - +0 dagger
rCold   . . .      Faith    .   (no shield)
rNeg    . . .      Spirit   .   (helmet restricted)
rPois   .          Reflect  .   (no amulet)
rElec   .          Harm     .   (no ring)
rCorr   .          Rampage  .   (no ring)
Will    .....                   (no ring)
Stlth   +++.......              (no ring)
HPRegen 0.05/turn               (no ring)
MPRegen 0.09/turn               (no ring)
                                (no ring)
                                (no ring)

@: no status effects
A: almost no armour, amphibious, 8 rings, camouflage 1, gelatinous body 1,
(nimble swimmer 1), tentacles
a: no special abilities


You were on level 1 of the Dungeon.
You visited 1 branch of the dungeon, and saw 1 of its levels.

You collected 12 gold pieces.

Inventory:

Hand Weapons
 a - a +0 dagger (weapon)
Missiles
 b - 26 stones
Scrolls
 d - a scroll of noise {unknown}
Potions
 c - a potion of ambrosia {unknown}
 e - a potion of resistance {unknown}


   Skills:
 - Level 2.0 Dodging
 - Level 2.6 Stealth
 - Level 2.0 Spellcasting
 - Level 1.0 Transmutations
 * Level 3.7 Earth Magic


You had 4 spell levels left.
You knew the following spells:

 Your Spells              Type           Power      Damage    Failure   Level
a - Sandblast             Erth           28%        2d8       4%          1

Your spell library contained the following spells:

 Spells                   Type           Power      Damage    Failure   Level
 Passwall                 Tmut/Erth      7%         N/A       11%         2
 Stone Arrow              Conj/Erth      16%        3d8       26%         3
 Petrify                  Tmut/Erth      9%         N/A       58%         4


Dungeon Overview and Level Annotations

Branches:
Dungeon (1/15)

Altars:


Innate Abilities, Weirdness & Mutations

You cannot wear most types of armour.
You are amphibious.
You can wear up to eight rings at the same time.
Your skin changes colour to match your surroundings (Stealth+).
Your rubbery body absorbs attacks. (AC +1, EV +1)
((You are camouflaged when in or above water. (Stealth+)))
You have tentacles for arms and can constrict up to eight enemies at once.


Message History

You constrict the goblin, but do no damage.
The goblin closely misses you.
You barely miss the goblin.
The goblin is moderately wounded.
You constrict the goblin.
You kill the goblin!
No target in view!
A rat comes into view.
You see here a +0 club.
You catch the helpless rat completely off-guard!
You puncture the rat!
You kill the rat!
No target in view!
You see here a rat corpse.
You see here a rat corpse.
You see here a +0 club.
A kobold and a bat come into view.
The kobold is wielding a +0 short sword of electrocution.
The kobold shouts!
The bat hits you.
You hit the bat. Your grab misses the bat.
The bat is moderately wounded.
The bat completely misses you.
You hit the bat but do no damage. You grab the bat. You squeeze the bat.
The bat is heavily wounded.
You constrict the bat. The bat closely misses you.
The bat escapes!
You barely miss the bat. Your grab misses the bat.
The bat is heavily wounded.
The bat hits you.
You hit the bat but do no damage. Your grab misses the bat.
The bat is heavily wounded.
The bat hits you. The kobold hits you but does no damage.
You closely miss the kobold. Your grab misses the kobold.
The bat hits you but does no damage. The kobold misses you.
You hit the bat.
You kill the bat!
The kobold hits you with a +0 short sword of electrocution.
You are electrocuted!
Ouch! That really hurt!
You die...

############
#....+ #....#
#....# #....#
#....# #....#
######.K..#
#+######
#......@#
#.#.....
#......†#
#.#.....
#.......#
#.#.....
#.......##
#.#.....
.........#
#.#.....
#........#
#.'.....
########.#
###..... #.#
#...####
#######.######
#.#.#


You could see a kobold.

Vanquished Creatures
  2 ball pythons (D:1)
  3 bats (D:1)
  An endoplasm (D:1)
  A giant cockroach (D:1)
  2 goblins (D:1)
  3 frilled lizards (D:1)
  2 rats (D:1)
14 creatures vanquished.

Notes
Turn   | Place    | Note
-------+----------+-------------------------------------------
     0 | D:1      | Ajdolov the Octopode Earth Elementalist began the quest for
                  | the Orb.
     0 | D:1      | Reached XP level 1. HP: 11/11 MP: 3/3
   367 | D:1      | Reached XP level 2. HP: 17/17 MP: 5/5
   625 | D:1      | Slain by a kobold

Illustrated notes

Levels and vault maps discovered:
D:1:      minmay_arrival_widening_spiral_narrow, layout_basic,
          ebering_ecumenical_altar_sacrificial

Action                   || total
-------------------------++-------
Melee: Unarmed           ||     4
       Dagger            ||    20
       Constrict         ||     5
       Tentacles         ||     4
 Cast: Sandblast         ||     4
 Stab: Sleeping          ||     5
       Distracted        ||     1
Armor: Skin              ||     5
Dodge: Dodged            ||    16
